 Dungeon Crawl Stone Soup version 0.29.1-2-gbd0b4ee654 (webtiles) character file.

Game seed: 5777980727078898602

1472 funnyparkerb the Caller (level 8, -7/36 HPs)
             Began as a Felid Summoner on Nov 12, 2022.
             Was an Initiate of Gozag.
             Shot with an arrow by a centaur (10 damage)
             ... on level 7 of the Dungeon.
             The game lasted 00:13:55 (10298 turns).

funnyparkerb the Caller (Felid Summoner)           Turns: 10298, Time: 00:13:55

Health: -7/36      AC:  2    Str:  4    XL:     8   Next: 49%
Magic:  22/26      EV: 21    Int: 20    God:    Gozag
Gold:   324        SH:  0    Dex: 17    Spells: 5/18 levels left
                                        Lives:  0   Deaths: 2

rFire   . . .      SeeInvis +   (weapon unavailable)
rCold   . . .      Faith    .   (shield unavailable)
rNeg    . . .      Spirit   .   (body armour unavailable)
rPois   +          Reflect  .   (helmet unavailable)
rElec   .          Harm     .   (cloak unavailable)
rCorr   .          Rampage  .   (gloves unavailable)
Will    +....                   (boots unavailable)
Stlth   ++........              (no amulet)
HPRegen 0.12/turn               x - ring of poison resistance
MPRegen 0.20/turn               B - ring of magical power

@: quick
A: very small, claws 1, fangs 3, see invisible, speed 1, shaggy fur 2, stealthy
paws, no weapons or thrown items, no armour, multi-lived
a: Renounce Religion, Potion Petition, Call Merchant, Bribe Branch


You were on level 7 of the Dungeon.
You worshipped Gozag.
Gozag was aware of your devotion.
You visited 2 branches of the dungeon, and saw 8 of its levels.

You collected 618 gold pieces.
You spent 175 gold pieces at shops.
You paid 119 gold pieces to Gozag.

Inventory:

Jewellery
 x - a ring of poison resistance (left paw)
 B - a ring of magical power (right paw)
Wands
 C - a wand of charming (5)
 D - a wand of flame (4)
Scrolls
 b - 3 scrolls of enchant weapon {unknown}
 d - 4 scrolls of magic mapping {unknown}
 e - a scroll of enchant armour {unknown}
 f - 3 scrolls of fear {unknown}
 g - a scroll of immolation {unknown}
 h - a scroll of brand weapon {unknown}
 i - a scroll of summoning {unknown}
 j - a scroll of vulnerability
 q - 3 scrolls of teleportation
 r - 2 scrolls of silence
 s - 2 scrolls of blinking
 u - 3 scrolls of poison {unknown}
 v - 2 scrolls of butterflies {unknown}
 w - 2 scrolls of identify
 y - 2 scrolls of amnesia {unknown}
 A - a scroll of torment {unknown}
Potions
 a - a potion of magic
 c - a potion of curing
 k - a potion of degeneration
 l - 2 potions of heal wounds {unknown}
 m - 2 potions of haste {unknown}
 n - 3 potions of invisibility {unknown}
 o - 4 potions of might
 p - a potion of attraction {unknown}
 t - a potion of cancellation {unknown}
 z - a potion of flight {unknown}


   Skills:
 + Level 4.7 Fighting
 + Level 6.9 Dodging
 - Level 2.6 Stealth
 + Level 5.7 Spellcasting
 - Level 5.0 Hexes
 + Level 7.1 Summonings
 * Level 4.7 Air Magic


You had 5 spell levels left.
You knew the following spells:

 Your Spells              Type           Power      Damage    Failure   Level
a - Summon Small Mammal   Summ           100%       N/A       1%          1
b - Call Imp              Summ           34%        N/A       1%          2
c - Call Canine Familiar  Summ           34%        N/A       1%          3
d - Summon Guardian Gole  Hex/Summ       30%        N/A       2%          3
e - Summon Lightning Spi  Summ/Air       29%        N/A       10%         4

Your spell library contained the following spells:

 Spells                   Type           Power      Damage    Failure   Level
 Slow                     Hex            100%       N/A       1%          1
 Confusing Touch          Hex            25%        N/A       4%          3
 Vampiric Draining        Necr           5%         2d6       32%         3


Dungeon Overview and Level Annotations

Branches:
Dungeon (7/15)             Temple (1/1) D:6

Altars:
Cheibriados
Fedhas
Gozag
Makhleb
Nemelex Xobeh
Okawaru
Qazlal
Ru
Sif Muna
Uskayaw
Vehumet
Wu Jian
Yredelemnul
Zin
The Shining One

Shops:
D:5 [?(

Annotations:
D:6 3 runed translucent doors, qeuew's ghost, novice PaFi


Innate Abilities, Weirdness & Mutations

You have sharp claws.
You have razor-sharp teeth.
You have supernaturally acute eyesight. (SInv)
You cover ground quickly. (Speed+)
You are covered in thick fur. (AC +2)
Your paws help you pounce on unaware monsters.
You are incapable of wielding weapons or throwing items.
You cannot wear armour.
You gain extra lives every three experience levels.


Message History

You hear a twanging sound.
An arrow appears from out of your range of vision.
The arrow hits your guardian golem but does no damage.
The komodo dragon bites your guardian golem.
Flame seeps out of your guardian golem.
You hear a twanging sound.
An arrow appears from out of your range of vision.
The arrow hits your guardian golem.
Your guardian golem disappears in a puff of smoke!
Your guardian golem explodes!
The fiery explosion engulfs the komodo dragon!!
You hear a shout!
The komodo dragon is engulfed in blazing flames.
You feel a bit more experienced.
Casting: Summon Guardian Golem (dangerous; 2% risk of failure)
Confirm with . or Enter, or press ? or * to list all spells.
A guardian golem appears, shielding your allies.
Casting: Summon Guardian Golem (dangerous; 2% risk of failure)
Confirm with . or Enter, or press ? or * to list all spells.
You swap places. 2 centaurs come into view.
The centaur shouts!
The centaur shoots an arrow.
The arrow hits you!
A centaur comes into view. It is quivering poisoned darts.
A centaur comes into view. It is wielding a +0 short sword.
The centaur wields a +0 shortbow.
The centaur shoots an arrow.
The arrow misses you.
You swap places.
You swap places.
Your guardian golem disappears in a puff of smoke!
A centaur comes into view. It is wielding a +0 shortbow.
The centaur shoots an arrow.
The arrow completely misses you.
The centaur unwields a +0 short sword.
The centaur wields a +0 shortbow.
The centaur shoots an arrow.
The arrow hits you!
A centaur comes into view.
The centaur shoots an arrow.
The arrow hits you!
* * * LOW HITPOINT WARNING * * *
The centaur shoots an arrow.
The arrow hits you!
You die...
Your body crumbles into a pile of gold.

..# ##.# ##.## ##.8
####.##.########### ###
#... #.##...........#####
#... #.######...........#
#... #####.# #.#####.###.#
#### #.....# #.# #.# #.#
#.....## #.# #.# #.#
#......#####.#####.# #§#
#........)>)....@h.# #.#
#.....######.####..#
#.########## ...#.## #.#
≈≈≈≈##..$.......# #....#
#.≈ ≈≈≈≈≈≈#..#######.#
#.#.## ≈≈≈≈≈≈≈≈≈≈≈≈≈≈# #.#
#.#.# ≈≈≈≈≈≈≈≈≈≈≈≈≈≈≈≈≈≈≈
#.# #.#.#
≈≈≈≈≈≈≈.c≈≈≈≈≈≈≈≈≈≈≈≈ #.#
#.#.#
≈≈≈≈≈.c..cc≈≈≈≈≈≈≈≈≈≈≈##<#
#.#.# ≈≈≈≈≈
cc≈≈≈≈≈≈≈≈≈≈##.#


You could see a centaur (ally target) and a friendly hound (summoned).

Vanquished Creatures
  3 bullfrogs
  A necrophage (D:7)
  A howler monkey (D:5)
  A hound (D:5)
  Natasha (D:3)
  A worm (D:3)
  2 orcs
  3 bats
  An endoplasm (D:2)
  2 giant cockroaches
  8 goblins
  3 hobgoblins
  A kobold (D:1)
  3 ball pythons
  3 frilled lizards
  3 rats
37 creatures vanquished.

Vanquished Creatures (collateral kills)
  A sky beast (D:7)
  A phantom (D:5)
  A necrophage (D:6)
  2 scorpions (D:5)
  A howler monkey (D:6)
  4 hounds
  An orc priest (D:7)
  A jelly (D:5)
  Natasha (twice) (D:3)
  4 orc wizards
  9 gnolls
  4 adders
  A river rat (D:3)
  A shadow imp (D:7)
  A white imp (D:5)
  An ufetubus (D:5)
  A worm (D:3)
  13 orcs
  2 bats
  6 endoplasms
  3 giant cockroaches
  4 goblins
  6 hobgoblins
  4 kobolds
  2 quokkas (D:1)
  A ball python (D:4)
  2 frilled lizards
  A goblin zombie (D:5)
  3 rats
83 creatures vanquished.

Vanquished Creatures (others)
  A two-headed ogre (D:7)
  A komodo dragon (D:7)
  An orc warrior (D:7)
  A black bear (D:7)
  The ghost of TheSexyCheese the Trooper, an amateur HOFi (D:3)
  A scorpion (D:5)
  2 hounds (D:5)
  A gnoll bouda (D:5)
  3 orc wizards
  A gnoll (D:4)
  An orc (D:3)
  4 fungi (D:6)
18 creatures vanquished.

Grand Total: 138 creatures vanquished

Notes
Turn   | Place    | Note
-------+----------+-------------------------------------------
     0 | D:1      | funnyparkerb the Felid Summoner began the quest for the
                  | Orb.
     0 | D:1      | Reached XP level 1. HP: 7/7 MP: 4/4
   153 | D:1      | Reached XP level 2. HP: 10/11 MP: 0/6
   156 | D:1      | Learned a level 2 spell: Call Imp
   900 | D:1      | Reached XP level 3. HP: 14/14 MP: 5/8
   939 | D:1      | Learned a level 3 spell: Call Canine Familiar
  2831 | D:3      | Noticed Natasha
  2856 | D:3      | Killed Natasha
  2857 | D:3      | Reached XP level 4. HP: 6/18 MP: 2/9
  3096 | D:3      | Noticed Natasha
  3107 | D:3      | Killed from afar by Natasha
  3108 | D:3      | Reached XP level 3. HP: -3/14 MP: 8/8
  3129 | D:3      | Killed Natasha
  3130 | D:3      | Reached skill level 5 in Summonings
  3185 | D:3      | Found a stormy altar of Qazlal.
  3190 | D:3      | Learned a level 3 spell: Summon Guardian Golem
  3190 | D:3      | Found a sparkling altar of Nemelex Xobeh.
  3250 | D:3      | Found a shimmering blue altar of Sif Muna.
  3348 | D:3      | Noticed Natasha
  3352 | D:3      | Killed Natasha
  3353 | D:3      | Reached XP level 4. HP: 18/18 MP: 6/10
  3551 | D:3      | Reached skill level 1 in Hexes
  3642 | D:3      | Found a runed translucent door.
  3673 | D:3      | Reached skill level 1 in Fighting
  3673 | D:3      | Reached XP level 5. HP: 10/22 MP: 5/11
  4099 | D:3      | Noticed TheSexyCheese's ghost (amateur HOFi)
  4449 | D:3      | Gained mutation: You are covered in thick fur. (AC +2)
                  | [Felid growth]
  4449 | D:3      | Reached XP level 6. HP: 12/26 MP: 1/12
  4455 | D:3      | Killed TheSexyCheese's ghost
  5585 | D:5      | Entered Level 5 of the Dungeon
  5585 | D:5      | Found Hoqe's Magic Scroll Shoppe.
  5588 | D:5      | Bought a scroll of teleportation for 39 gold pieces
  5588 | D:5      | Bought a scroll of teleportation for 39 gold pieces
  5588 | D:5      | Bought a scroll of blinking for 97 gold pieces
  5782 | D:5      | Found an iron altar of Okawaru.
  5783 | D:5      | Found Ecytyiva's Jewellery Boutique.
  5860 | D:5      | Reached XP level 7. HP: 29/30 MP: 4/14
  6288 | D:5      | HP: 1/30 [white imp/puff of frost (10)]
  6618 | D:5      | Reached skill level 6 in Summonings
  6678 | D:5      | Reached skill level 5 in Dodging
  6742 | D:5      | Learned a level 4 spell: Summon Lightning Spire
  6805 | D:5      | Found Udwalofe's Weapon Emporium.
  6874 | D:5      | Found a snail-covered altar of Cheibriados.
  7030 | D:5      | Found Aliywnira's Antique Armour Boutique.
  7212 | D:5      | Reached skill level 1 in Air Magic
  7650 | D:6      | Reached XP level 8. HP: 24/34 MP: 13/16
  7950 | D:6      | Reached skill level 5 in Hexes
  8038 | D:6      | Found a runed translucent gate.
  8038 | D:6      | Found a runed translucent gate.
  8039 | D:6      | Found a runed translucent gate.
  8042 | D:6      | Noticed qeuew's ghost (novice PaFi)
  8250 | D:6      | Found a staircase to the Ecumenical Temple.
  8326 | Temple   | Entered the Ecumenical Temple
  8334 | Temple   | Became a worshipper of Gozag Ym Sagoz the Greedy
  8511 | D:6      | Found a basalt altar of Yredelemnul.
  8830 | D:7      | Reached skill level 5 in Spellcasting
  9242 | D:7      | Found a flagged portal.
  9828 | D:7      | Noticed a two-headed ogre
  9841 | D:7      | Killed a two-headed ogre
  9842 | D:7      | Reached XP level 9. HP: 39/39 MP: 8/18
  9909 | D:7      | Found a radiant altar of Vehumet.
 10035 | D:7      | Engulfed by a steam dragon's steam
 10036 | D:7      | Reached XP level 8. HP: -1/36 MP: 13/17
 10137 | D:7      | Reached skill level 7 in Summonings
 10228 | D:7      | Noticed a komodo dragon
 10260 | D:7      | Killed a komodo dragon
 10298 | D:7      | Shot with an arrow by a centaur

Illustrated notes

Levels and vault maps discovered:
D:1:      dpeg_chamrin_arrival_tetris, layout_loops_ring
D:2:      layout_loops_corners
D:3:      layout_basic, lemuel_doored_altar, old_standard_altar,
          grunt_qazlal_clouds, ebering_ghost_sewer_d, gup_sewer_entry_bubbles,
          kennysheep_another_room, uniq_natasha
D:4:      layout_rooms
D:5:      layout_basic, overflow_temple_1_default, kennysheep_mini,
          enter_ossuary_3, serial_shops, shop,
          nicolae_shop_temple_entry_statues_fountains, shop,
          nicolae_stop_n_shop_2
D:6:      layout_loops_corners, mainiacjoe_overflow_alcove_1, tgw_xom,
          minmay_temple_entry_trees, gammafunk_ghost_nasty_kobolds,
          minmay_misc_feat_cross
D:7:      layout_loops_ring, vehumet_altar_wand_db, enter_bailey_6,
          serial_shops, nicolae_shop_hallway_plus, dreamdust_wishing_well,
          minmay_strange_pillars, centaur_isle
Temple:   hellmonk_temple_rainy

Skill      XL: |  1  2  3  4  5  6  7  8 |
---------------+-------------------------+-----
Spellcasting   | 3 4 5 |  5.7
Summonings     | 5 6 7 |  7.1
Hexes          | 1 2 3 4 5 |  5.0
Dodging        | 3 4 5 6 |  6.9
Fighting       | 1 2 3 4 |  4.7
Air Magic      | 1 4 |  4.7
Stealth        | |  2.6

Action                   |  1- 3 |  4- 6 |  7- 9 || total
-------------------------+-------+-------+-------++-------
Melee: Unarmed           |    81 |    53 |    86 ||   220
       Bite              |     3 |     8 |    18 ||    29
       Punch             |     1 |       |     1 ||     2
 Cast: Summon Small Mamm |    12 |     1 |       ||    13
       Call Imp          |    20 |     3 |     6 ||    29
       Call Canine Famil |     5 |    20 |    42 ||    67
       Summon Guardian G |       |    17 |    27 ||    44
       Summon Lightning  |       |       |     1 ||     1
  Use: Potion            |       |     2 |     1 ||     3
       Scroll            |       |     5 |       ||     5
 Stab: Sleeping          |     6 |     1 |       ||     7
       Distracted        |       |     3 |     3 ||     6
Armor: Skin              |    13 |     5 |     7 ||    25
Dodge: Dodged            |    81 |    71 |   105 ||   257
